 Dungeon Crawl Stone Soup version 0.30-a0-137-gd8773701ce (webtiles) character file.

Game seed: 10818540635891231718

2853 zishaf the Fighter (level 9, -6/93 HPs)
             Began as a Ghoul Cinder Acolyte on Sept 23, 2022.
             Was an Initiate of Ignis.
             Mangled by an orc warrior
             ... wielding a +0 dire flail
              (14 damage)
             ... on level 7 of the Dungeon.
             The game lasted 00:10:34 (8709 turns).

zishaf the Fighter (Ghoul Cinder Acolyte)           Turns: 8709, Time: 00:10:34

Health: -6/93      AC:  8    Str: 22    XL:     9   Next: 75%
Magic:  9/9        EV: 10    Int:  9    God:    Ignis [......]
Gold:   338        SH:  0    Dex:  4    Spells: 10/10 levels left

rFire   + . .      SeeInvis .    k - +0 whip (elec)
rCold   + + .      Faith    .    (no shield)
rNeg    + + +      Spirit   .    f - +0 ring mail
rPois   ∞          Reflect  .    r - +1 helmet
rElec   .          Harm     .    m - +0 cloak
rCorr   .          Rampage  .    (no gloves)
Will    .....                    (no boots)
Stlth   ..........               (no amulet)
HPRegen 0.00/turn                c - ring of flight
MPRegen 0.11/turn                o - ring of protection from cold

@: flying, inhibited regen
A: claws 1, cold resistance 1, negative energy resistance 3, inhibited
regeneration, torment resistance 2, devour on kill
a: Renounce Religion


You were on level 7 of the Dungeon.
You worshipped Ignis.
Ignis was noncommittal.
You visited 2 branches of the dungeon, and saw 8 of its levels.

You collected 338 gold pieces.

Inventory:

Hand Weapons
 k - a +0 whip of electrocution (weapon)
 t - a +5 rapier of venom
 y - a +5 dagger of speed
Armour
 a - a +0 robe
 f - a +0 ring mail (worn)
 m - a +0 cloak (worn)
 r - a +1 helmet (worn)
Jewellery
 c - a ring of flight (left claw)
 l - a ring of magical power
 o - a ring of protection from cold (right claw)
 q - a ring of ice
Wands
 n - a wand of digging (3)
Scrolls
 d - 4 scrolls of teleportation
 g - a scroll of enchant weapon
 p - a scroll of enchant armour
 B - a scroll of silence
Potions
 b - a potion of magic
 e - a potion of berserk rage {unknown}
 h - 4 potions of brilliance
 i - 2 potions of curing
 j - a potion of heal wounds {unknown}
 s - 5 potions of flight
 u - a potion of cancellation
 v - a potion of ambrosia {unknown}
 w - 2 potions of might
 A - 2 potions of invisibility {unknown}


   Skills:
 + Level 13.2 Fighting
 + Level 3.9 Maces & Flails
 - Level 2.0 Armour
 - Level 2.0 Dodging
 - Level 3.2 Unarmed Combat
 - Level 1.0 Spellcasting
 - Level 2.4 Fire Magic


You had 10 spell levels left.
You didn't know any spells.
Your spell library contained the following spells:

 Spells                   Type           Power      Damage    Failure   Level
 Scorch                   Fire           8%         2d5       34%         2
 Kindle Blastsparks       Fire/Tloc/Air  2%         2d10      78%         3
 Silence                  Hex/Air        0%         N/A       100%        5
 Dispersal                Tloc           0%         N/A       100%        6
 Disjunction              Tloc           0%         N/A       100%        8


Dungeon Overview and Level Annotations

Branches:
Dungeon (7/15)             Temple (1/1) D:5

Altars:
Ashenzari
Cheibriados
Dithmenos
Fedhas
Gozag
Hepliaklqana
Makhleb
Okawaru
Qazlal
Sif Muna
Uskayaw
Vehumet
Wu Jian
Xom
Yredelemnul


Innate Abilities, Weirdness & Mutations

You are immune to poison.
You have sharp fingernails.
Your flesh is cold resistant. (rC+)
You are immune to negative energy. (rN+++)
You do not regenerate when monsters are visible.
You are immune to unholy pain and torment.
You thrive by killing the living.


Message History

Your butterfly disappears in a burst of colours! x2
The orc warrior hits you with a +0 dire flail!
The orc hits you with a +0 club.
* * * LOW HITPOINT WARNING * * *
Unknown command.
You barely miss the orc.
The orc is moderately wounded.
Your butterfly disappears in a burst of colours! x2
The orc warrior hits you with a +0 dire flail.
* * * LOW HITPOINT WARNING * * *
The orc hits you with a +0 club.
* * * LOW HITPOINT WARNING * * *
The shadow imp barely misses you.
You hit the orc.
The orc is severely wounded.
The orc warrior hits you with a +0 dire flail.
* * * LOW HITPOINT WARNING * * *
The orc barely misses you. The shadow imp hits you.
* * * LOW HITPOINT WARNING * * *
Unknown command.
You hit the orc but do no damage. Lightning courses through the orc!
You kill the orc!
The shadow imp shouts, "Scamper home, thou puking saucy clam!"
The shadow imp completely misses you. The orc warrior closely misses you.
You hit the orc warrior but do no damage.
The orc warrior is moderately wounded.
The orc warrior misses you. The shadow imp closely misses you.
You hit the orc warrior.
The orc warrior is moderately wounded.
Your butterfly disappears in a burst of colours! x2
You hit the orc warrior.
The orc warrior is heavily wounded.
Your butterfly disappears in a burst of colours!
The orc warrior hits you with a +0 dire flail.
* * * LOW HITPOINT WARNING * * *
The shadow imp barely misses you.
You closely miss the orc warrior.
The orc warrior is moderately wounded.
The orc warrior hits you with a +0 dire flail!
You die...

......... ### .⌠..#...#
#.. ........# #.#
........# #.. ......#
#.# #
#####.b.########.####.#
..............##bb....#
.......5.♣.♣b.b.b...#
......b@..♣...b#.<#.#
#####.bo#)...#.#bb#
#.<.#♣.P.#.#bbbb
#.#.###....##bbbb #...#
####.##.b.## #...#
#......# ..... ####....
...#. ##..#.


You could see an orc warrior and a shadow imp.

Vanquished Creatures
  Pikel (D:5)
  Sigmund (D:4)
  Eustachio (D:5)
  Menkaure (D:5)
  2 water moccasins
  3 black bears
  An ogre (D:5)
  2 phantoms (D:5)
  Blork the orc (D:5)
  3 bullfrogs (D:6)
  2 necrophages
  3 scorpions
  A killer bee (D:5)
  2 orc priests
  4 hounds
  Crazy Yiuf (D:3)
  A gnoll bouda (D:5)
  3 iguanas (D:5)
  4 orc wizards
  Terence (D:2)
  Robin (D:3)
  8 gnolls
  5 adders
  A shadow imp (D:6)
  2 white imps
  3 ufetubi (D:5)
  2 worms (D:3)
  A dart slug (D:1)
  9 orcs
  5 ball pythons
  4 bats
  7 endoplasms
  5 giant cockroaches
  14 goblins
  7 hobgoblins
  4 jackals (D:3)
  A quokka (D:5)
  A frilled lizard (D:3)
  5 kobolds
  4 rats
  A spectral hobgoblin (D:2)
128 creatures vanquished.

Vanquished Creatures (others)
  39 foxfires (D:4)
39 creatures vanquished.

Grand Total: 167 creatures vanquished

Notes
Turn   | Place    | Note
-------+----------+-------------------------------------------
     0 | D:1      | zishaf the Ghoul Cinder Acolyte began the quest for the
                  | Orb.
     0 | D:1      | Reached XP level 1. HP: 19/19 MP: 1/1
    71 | D:1      | Reached XP level 2. HP: 25/27 MP: 2/2
    94 | D:1      | Reached skill level 4 in Fighting
   785 | D:2      | Reached XP level 3. HP: 34/34 MP: 3/3
   859 | D:2      | Got the Compendium of Enchanting Kindling
   864 | D:2      | Found a radiant altar of Vehumet.
   946 | D:2      | Found a faded altar of an unknown god.
  1211 | D:2      | Noticed Terence
  1254 | D:2      | Killed Terence
  1255 | D:2      | Reached skill level 5 in Fighting
  1522 | D:2      | Reached XP level 4. HP: 42/42 MP: 4/4
  1586 | D:3      | Found a radiant altar of Vehumet.
  1714 | D:3      | Noticed Robin
  1724 | D:3      | Killed Robin
  1943 | D:3      | Found a snail-covered altar of Cheibriados.
  2123 | D:3      | Reached skill level 6 in Fighting
  2151 | D:3      | Found a runed translucent door.
  2152 | D:3      | Noticed Crazy Yiuf
  2402 | D:3      | Reached XP level 5. HP: 41/50 MP: 5/5
  2546 | D:3      | Killed Crazy Yiuf
  2742 | D:4      | Noticed Sigmund
  2764 | D:4      | Reached skill level 7 in Fighting
  2764 | D:4      | Reached XP level 6. HP: 32/60 MP: 6/6
  2768 | D:4      | Killed Sigmund
  2769 | D:4      | Reached skill level 8 in Fighting
  2769 | D:4      | Reached XP level 7. HP: 23/69 MP: 7/7
  2783 | D:4      | Found a basalt altar of Yredelemnul.
  3240 | D:4      | Found a shimmering blue altar of Sif Muna.
  3380 | D:4      | Reached skill level 9 in Fighting
  4164 | D:5      | Entered Level 5 of the Dungeon
  4186 | D:5      | Noticed Menkaure
  4188 | D:5      | Found a staircase to the Ecumenical Temple.
  4195 | D:5      | Killed Menkaure
  4196 | D:5      | Reached skill level 1 in Armour
  4196 | D:5      | Reached skill level 1 in Dodging
  4204 | Temple   | Entered the Ecumenical Temple
  4557 | D:5      | Reached XP level 8. HP: 14/78 MP: 8/8
  4857 | D:5      | Noticed Pikel
  4875 | D:5      | Killed Pikel
  4876 | D:5      | Reached skill level 10 in Fighting
  5011 | D:5      | Found a hazy altar of Hepliaklqana.
  5012 | D:5      | Found an ornate altar of the Wu Jian Council.
  5081 | D:5      | Reached skill level 11 in Fighting
  5975 | D:5      | Noticed Blork the orc
  5995 | D:5      | Killed Blork the orc
  6310 | D:5      | Reached skill level 12 in Fighting
  6310 | D:5      | Reached XP level 9. HP: 72/90 MP: 9/9
  6527 | D:5      | Noticed Eustachio
  6543 | D:5      | Killed Eustachio
  6544 | D:5      | Reached skill level 1 in Maces & Flails
  7534 | D:6      | Found an iron altar of Okawaru.
  7919 | D:6      | Reached skill level 13 in Fighting
  8184 | D:6      | Found a shadowy altar of Dithmenos.
  8709 | D:7      | Mangled by an orc warrior

Illustrated notes

Levels and vault maps discovered:
D:1:      dpeg_arrival_rhombi, layout_rooms, minmay_indecisive_spiral
D:2:      layout_loops_ring, dreamdust_ecumenical_altar_drowned_temple,
          basic_altar, uniq_terence
D:3:      layout_loops_ring, cheibriados_altar_1, old_standard_altar,
          minmay_misc_feat_ornament, uniq_robin, uniq_crazy_yiuf_cottage
D:4:      layout_basic, kennysheep_mini_moat,
          mainiacjoe_overflow_six_doors_small, grunt_ministairs_10, uniq_sigmund
D:5:      layout_loops_corners, nicolae_overflow_two_pavilions, temple_statues,
          hangedman_minor_gate_pass, uniq_blork_the_orc, uniq_eustachio,
          uniq_pikel, uniq_menkaure
D:6:      layout_layer_cave, okawaru_ov_weapons_minmay,
          nicolae_elyvilon_peaceful_grove, grunt_dithmenos_smoke_and_mirrors
D:7:      layout_loops_cross, lemuel_coloured_pillars_altar, trog_wizard,
          serial_demonic, serial_demonic_d, serial_demonic_b, serial_demonic_d,
          serial_demonic_c
Temple:   nicolae_temple_two_arcs

Skill      XL: |  1  2  3  4  5  6  7  8  9 |
---------------+----------------------------+-----
Fighting       | 4 5 6 7 8 9 12 13 | 13.2
Armour         | 1 2 |  2.0
Dodging        | 1 2 |  2.0
Maces & Flails | 3 |  3.9
Unarmed Combat | |  3.2
Spellcasting   | |  1.0
Fire Magic     | |  2.4

Action                   |  1- 3 |  4- 6 |  7- 9 || total
-------------------------+-------+-------+-------++-------
Melee: Unarmed           |    90 |    99 |    25 ||   214
       Punch             |     2 |     2 |     9 ||    13
       Dagger            |       |       |   202 ||   202
       Whip              |       |       |   239 ||   239
Invok: Fiery Armour      |     1 |     3 |     2 ||     6
       Foxfire Swarm     |       |     4 |       ||     4
       Rising Flame      |       |       |     1 ||     1
  Use: Scroll            |       |       |    20 ||    20
Armor: Robe              |    17 |    33 |    17 ||    67
       Ring mail         |       |       |   179 ||   179
Dodge: Dodged            |    50 |    43 |   281 ||   374

Table legend: (Time is in decaauts)
 A = Elapsed time spent in this place.
 B = Non-inter-level travel time spent in this place.
 C = Inter-level travel time spent in this place.
 D = Time resting spent in this place.
 E = Time spent auto-exploring this place.
 F = Levels seen in this place.
 G = Mean time per level.
                   A        B        C        D        E       F      G
               +--------+--------+--------+--------+--------+-----+--------+
         Total |   8634 |   8458 |    176 |   1044 |   6210 |   8 | 1079.2 |
       Dungeon |   8452 |   8300 |    152 |   1044 |   6058 |   7 | 1207.4 |
        Temple |    182 |    158 |     24 |      0 |    152 |   1 |  182.0 |
               +--------+--------+--------+--------+--------+-----+--------+

Top non-repeatable levels by time:
     D:5: 2679 daAuts
     D:4: 1507 daAuts
     D:3: 1388 daAuts
     D:6: 1273 daAuts
     D:2: 795 daAuts
     D:1: 769 daAuts
  Temple: 182 daAuts
     D:7: 38 daAuts
